 Dungeon Crawl Stone Soup version 0.28-a0-793-g31680bbd8b (webtiles) character file.

Game seed: 6034502161556303351

989 gimp the Chopper (level 8, -3/62 HPs)
             Began as a Formicid Wanderer on Nov 5, 2021.
             Shot with an arrow by a centaur (10 damage)
             ... on level 10 of the Dungeon.
             The game lasted 00:08:27 (6606 turns).

gimp the Chopper (Formicid Wanderer)                Turns: 6606, Time: 00:08:28

Health: -3/62      AC:  6    Str: 21    XL:     8   Next: 41%
Magic:  8/8        EV: 10    Int: 11    God:
Gold:   4          SH:  5    Dex:  9    Spells: 6/7 levels left

rFire   . . .      SeeInvis +   a - +1 dagger (venom)
rCold   . . .      Faith    .   (no shield)
rNeg    . . .      Spirit   .   p - +0 ring mail
rPois   .          Reflect  +   (helmet unavailable)
rElec   .          Harm     .   (no cloak)
rCorr   .          Rampage  .   (no gloves)
Will    .....                   (no boots)
Stlth   +.........              w - amulet of reflection
HPRegen 0.20/turn               (no ring)
MPRegen 0.11/turn               (no ring)

@: no status effects
A: permanent stasis, dig shafts and tunnels, antennae 3, four strong arms
a: Dig, Shaft Self


You were on level 10 of the Dungeon.
You visited 1 branch of the dungeon, and saw 7 of its levels.

You collected 260 gold pieces.
You spent 256 gold pieces at shops.

Inventory:

Hand Weapons
 a - a +1 dagger of venom (weapon)
 b - a +0 hand axe
Missiles
 k - 14 poisoned darts
 s - 13 bolts
Armour
 j - the +2 pair of gloves "Sonymeis" {-Tele Will+ Regen+}
   (You bought it in a shop on level 10 of the Dungeon)

   -Tele:     It prevents most forms of teleportation.
   Regen:     It increases your rate of health regeneration.
   Will:      It increases your willpower.
 p - a +0 ring mail (worn)
Jewellery
 q - a ring of flight
 w - an amulet of reflection (around neck)
Wands
 c - a wand of charming (7)
Scrolls
 e - a scroll of noise {unknown}
 g - a scroll of amnesia {unknown}
 h - 2 scrolls of enchant armour
 i - 2 scrolls of teleportation
 m - a scroll of enchant weapon {unknown}
 r - a scroll of immolation
 v - a scroll of blinking
Potions
 d - a potion of invisibility
 f - a potion of flight {unknown}
 t - a potion of might


   Skills:
 - Level 5.0 Fighting
 * Level 6.2 Axes
 + Level 5.9 Armour
 - Level 1.2 Stealth
 - Level 2.6 Conjurations
 - Level 2.0 Summonings
 - Level 1.1 Evocations


You had 6 spell levels left.
You knew the following spells:

 Your Spells              Type           Power      Damage    Failure   Level
a - Apportation           Tloc           0%         N/A       50%         1

Your spell library contained the following spells:

 Spells                   Type           Power      Damage    Failure   Level
 Mephitic Cloud           Conj/Pois/Air  1%         N/A       75%         3
 Gell's Gravitas          Tloc           0%         N/A       86%         3
 Ignite Poison            Fire/Tmut/Pois 0%         N/A       86%         3
 Lesser Beckoning         Tloc           0%         N/A       86%         3
 Teleport Other           Tloc           0%         N/A       86%         3
 Freezing Cloud           Conj/Ice/Air   0%         6-21      100%        5


Dungeon Overview and Level Annotations

Branches:
Dungeon (8/15)
 Temple: D:4-7         Lair: D:8-11

Altars:
Sif Muna

Shops:
D:10 :[

Annotations:
D:3 1 runed translucent door, Leeroy's ghost, amateur DrTm
D:5 Grinder


Innate Abilities, Weirdness & Mutations

You cannot be hasted, slowed, berserked, paralysed or teleported.
You can dig through walls and to a lower floor.
You have a pair of large antennae on your head. (SInv)
Your four strong arms can wield two-handed weapons with a shield.


Message History

Press: ? - help, Shift-Dir - straight line, f/p - komodo dragon
Aim: a komodo dragon (chance to affect: 31%)
The komodo dragon easily resists.
You block the komodo dragon's attack.
Aiming: Charm
Press: ? - help, Shift-Dir - straight line, f/p - komodo dragon
Aim: a komodo dragon (chance to affect: 31%)
The komodo dragon easily resists.
The komodo dragon bites you.
You take 4 damage, and have 58/62 hp.
Aiming: Charm
Press: ? - help, Shift-Dir - straight line, f/p - komodo dragon
Aim: a komodo dragon (chance to affect: 31%)
The komodo dragon easily resists.
The komodo dragon completely misses you.
You hit the komodo dragon but do no damage.
The komodo dragon closely misses you.
You barely miss the komodo dragon. The komodo dragon bites you.
You take 6 damage, and have 53/62 hp.
You barely miss the komodo dragon. The komodo dragon bites you.
You take 1 damage, and have 52/62 hp.
You hit the komodo dragon but do no damage.
The komodo dragon bites you!!
You take 25 damage, and have 27/62 hp.
MASSIVE DAMAGE!!
You hit the komodo dragon but do no damage.
The komodo dragon is poisoned.
The komodo dragon bites you but does no damage.
There is an entrance to Muefa's Antique Armour Boutique here.
The komodo dragon looks more healthy.
The komodo dragon hisses menacingly.
Found 9 stones.
A centaur comes into view.
Found 29 stones.
The centaur wields a +0 shortbow.
The centaur shoots an arrow.
The arrow hits you.
You take 4 damage, and have 28/62 hp.
The centaur shoots an arrow.
The arrow hits you!
* * * LOW HITPOINT WARNING * * *
You take 10 damage, and have 18/62 hp.
The centaur shoots an arrow.
The arrow hits you!
* * * LOW HITPOINT WARNING * * *
The centaur shoots an arrow.
The arrow hits you!
You die...

#####.##..#..#
..........#..# #.≈≈≈≈≈≈≈
.# #.###.#..# #.≈≈≈≈≈≈≈
.# ##.....#..# #(≈≈≈≈≈≈≈
.# #.######..###.≈≈≈≈≈(.
.# ##)# #......≈≈≈≈≈..
.###.######......≈≈≈≈≈c.
..)..............≈≈≈≈≈≈≈
.##########.####@≈≈≈≈≈≈≈
..# #.# #l≈≈≈≈≈≈≈
..#########.####.≈≈≈≈≈≈≈
.................≈≈≈≈≈≈≈
.#.###........##........
.#.###........##########
##..##........#
##.##........#
#..#........#


You could see a komodo dragon and a centaur.

Vanquished Creatures
  An ice beast (D:5)
  Pargi (D:3)
  A necrophage (D:3)
  2 ogres (D:4)
  A wyvern skeleton (D:4)
  A water moccasin skeleton (D:5)
  A howler monkey (D:5)
  2 hounds (D:4)
  2 iguanas
  Natasha (thrice) (D:3)
  2 orc wizards (D:10)
  A hound skeleton (D:4)
  A howler monkey zombie (D:5)
  7 adders
  A white imp (D:5)
  A worm (D:2)
  2 dart slugs
  4 orcs
  5 ball pythons
  6 bats
  4 endoplasms
  A giant cockroach (D:2)
  4 goblins
  7 hobgoblins
  12 jackals
  5 quokkas
  3 frilled lizards
  6 kobolds
  2 rats
89 creatures vanquished.

Vanquished Creatures (collateral kills)
  A giant cockroach (D:1)
  A goblin (D:1)
2 creatures vanquished.

Vanquished Creatures (others)
  A goblin (D:1)
  A rat (D:1)
2 creatures vanquished.

Grand Total: 93 creatures vanquished

Notes
Turn   | Place    | Note
-------+----------+-------------------------------------------
     0 | D:1      | gimp the Formicid Wanderer began the quest for the Orb.
     0 | D:1      | gimp set off with the following items: a +0 club, a +0 ring
                  | mail, a wand of charming (15); and the following spell
                  | memorised: Apportation; and the following spells available
                  | to memorise: Lesser Beckoning
     0 | D:1      | Reached XP level 1. HP: 13/13 MP: 1/1
   106 | D:1      | Reached skill level 1 in Fighting
   164 | D:1      | Reached XP level 2. HP: 10/21 MP: 2/2
   556 | D:1      | Reached XP level 3. HP: 28/28 MP: 3/3
   780 | D:1      | Found a faded altar of an unknown god.
  1328 | D:2      | Reached XP level 4. HP: 36/37 MP: 4/4
  2096 | D:2      | Reached XP level 5. HP: 41/43 MP: 5/5
  2464 | D:3      | Found a runed translucent door.
  2531 | D:3      | Noticed Leeroy's ghost (amateur DrTm)
  2555 | D:3      | Noticed Natasha
  2562 | D:3      | Killed Natasha
  2563 | D:3      | Reached skill level 5 in Fighting
  2618 | D:3      | Found a shimmering blue altar of Sif Muna.
  2618 | D:3      | Noticed Pargi
  2639 | D:3      | Killed Pargi
  2640 | D:3      | Reached skill level 2 in Axes
  2640 | D:3      | Reached XP level 6. HP: 33/51 MP: 6/6
  2794 | D:3      | Noticed Natasha
  2801 | D:3      | Killed Natasha
  3052 | D:4      | Noticed a necrophage
  3265 | D:3      | Killed a necrophage
  3266 | D:3      | Reached skill level 3 in Axes
  3266 | D:3      | Reached XP level 7. HP: 24/51 MP: 7/7
  4002 | D:3      | Noticed Natasha
  4015 | D:3      | Killed Natasha
  4456 | D:4      | Reached skill level 4 in Axes
  4722 | D:4      | HP: 2/56 [ogre (27)]
  5032 | D:4      | Reached skill level 5 in Armour
  5426 | D:5      | Entered Level 5 of the Dungeon
  5484 | D:4      | Reached skill level 5 in Axes
  5721 | D:4      | Reached XP level 8. HP: 50/62 MP: 8/8
  5906 | D:5      | Noticed Grinder
  6089 | D:5      | Reached skill level 6 in Axes
  6090 | D:5      | HP: 2/93 [Grinder (4)]
  6106 | D:5      | You fall into a shaft and drop 3 floors!
  6380 | D:8      | Noticed a cyan ugly thing
  6423 | D:8      | You fall into a shaft and drop 2 floors!
  6423 | D:10     | Entered Level 10 of the Dungeon
  6471 | D:10     | Found Cetuxt's Book Boutique.
  6473 | D:10     | Found Muefa's Antique Armour Boutique.
  6477 | D:10     | Noticed a komodo dragon
  6569 | D:10     | Bought a pair of brightly glowing gloves for 256 gold
                  | pieces
  6569 | D:10     | Identified the +2 pair of gloves "Sonymeis" {-Tele Will+
                  | Regen+} (You bought it in a shop on level 10 of the
                  | Dungeon)
  6606 | D:10     | Shot with an arrow by a centaur

Illustrated notes

Levels and vault maps discovered:
D:1:      scummos_arrival_checkerplants, layout_basic,
          chequers_ecumenical_altar_simple_redux
D:2:      layout_basic, chequers_serial_rivers_micro_a,
          grunt_decor_mini_mirrors, solitary_fountain, grunt_ministairs_14,
          minmay_pentomino_v4
D:3:      layout_rooms, led_sif_pool, ebering_ghost_reflecting_pool,
          skrybe_limestone_x, uniq_pargi, uniq_natasha
D:4:      layout_gridville
D:5:      layout_cave_pools, mainiacjoe_overflow_brackets,
          nicolae_qazlal_style_of_elements, minitemple,
          minmay_temple_entry_statues_pillars, serial_shops, shop_fountains,
          nicolae_shop_temple_entry_statues_fountains, shop, shop,
          nicolae_shop_window_shopping, uniq_grinder, uniq_sigmund, uniq_pikel
D:8:      layout_basic, serial_shops, shop, kennysheep_mini, solitary_fountain,
          chequers_decorated_corner, mrwooster_statue_mirror
D:10:     nicolae_whirlpool, layout_basic, erik_lair_dragon, serial_shops, shop,
          nicolae_shop_stone, nicolae_shop_crystal,
          chequers_serial_rivers_room_a

Skill      XL: |  1  2  3  4  5  6  7  8 |
---------------+-------------------------+-----
Fighting       | 1 2 3 4 5 |  5.0
Axes           | 2 3 5 6 |  6.2
Armour         | 4 5 |  5.9
Stealth        | |  1.2
Conjurations   | |  2.6
Summonings     | |  2.0
Evocations     | |  1.1

Action                   |  1- 3 |  4- 6 |  7- 9 || total
-------------------------+-------+-------+-------++-------
Melee: Dagger            |    63 |   153 |   136 ||   352
       Club              |     4 |       |       ||     4
       Hand axe          |       |       |    39 ||    39
 Abil: Dig               |       |     2 |     3 ||     5
       Shaft Self        |       |       |     2 ||     2
Evoke: Wand              |     2 |       |     6 ||     8
  Use: Potion            |       |       |     8 ||     8
       Scroll            |       |       |     6 ||     6
Armor: Ring mail         |    33 |    65 |    64 ||   162
Dodge: Dodged            |    38 |   103 |    80 ||   221
Block: Other             |       |       |     7 ||     7

Table legend: (Time is in decaauts)
 A = Elapsed time spent in this place.
 B = Non-inter-level travel time spent in this place.
 C = Inter-level travel time spent in this place.
 D = Time resting spent in this place.
 E = Time spent auto-exploring this place.
 F = Levels seen in this place.
 G = Mean time per level.
                   A        B        C        D        E       F      G
               +--------+--------+--------+--------+--------+-----+--------+
         Total |   6613 |   6462 |    151 |   1524 |   3791 |   7 |  944.7 |
       Dungeon |   6613 |   6462 |    151 |   1524 |   3791 |   7 |  944.7 |
               +--------+--------+--------+--------+--------+-----+--------+

Top non-repeatable levels by time:
     D:3: 2054 daAuts
     D:4: 1644 daAuts
     D:2: 1287 daAuts
     D:1: 980 daAuts
     D:8: 316 daAuts
    D:10: 183 daAuts
     D:5: 146 daAuts
